 Dungeon Crawl Stone Soup version 0.19.5 (webtiles) character file.

477 Lizzreth the Skirmisher (level 7, -5/70 HPs)
             Began as a Tengu Fighter on Mar 15, 2017.
             Was an Initiate of Makhleb.
             Killed from afar by an orc wizard (6 damage)
             ... with a magic dart
             ... on level 4 of the Dungeon.
             The game lasted 00:15:58 (2661 turns).

Lizzreth the Skirmisher (Tengu Fighter)             Turns: 2661, Time: 00:15:59

Health: -5/70      AC:  6    Str: 22    XL:     7   Next: 11%
Magic:  8/8        EV:  7    Int:  8    God:    Makhleb [......]
Gold:   136        SH: 10    Dex: 15    Spells: 0 memorised, 6 levels left

rFire  . . .     SeeInvis .     a - +1 long sword
rCold  . . .     Gourm    .     b - +0 scale mail
rNeg   . . .     Faith    .     c - +1 shield
rPois  .         Spirit   .     (helmet restricted)
rElec  .         Reflect  .     (no cloak)
rCorr  .         Harm     .     (no gloves)
MR     .....                    (boots unavailable)
Stlth  ..........               j - amulet of rage
                                (no ring)
                                h - ring of flight

@: berserking, very quick
A: beak, talons 3, able to fly 1
a: Fly, Renounce Religion, Evoke Berserk Rage, Evoke Flight


You were on level 4 of the Dungeon.
You worshipped Makhleb.
Makhleb was noncommittal.
You were not hungry.

You visited 1 branch of the dungeon, and saw 4 of its levels.

You collected 136 gold pieces.

Inventory:

Hand Weapons
 a - a +1 long sword (weapon)
Missiles
 g - 4 tomahawks of dispersal (quivered)
Armour
 b - a +0 scale mail (worn)
 c - a +1 shield (worn)
Jewellery
 h - a ring of flight (left hand)
 j - an amulet of rage (around neck)
 p - an uncursed ring of ice
Scrolls
 e - a scroll of remove curse
 i - a scroll of random uselessness
 k - 3 scrolls of enchant weapon
 m - a scroll of fog
 q - 2 scrolls of fear
 s - 2 scrolls of enchant armour
 t - a scroll of identify
 u - a scroll of blinking
Potions
 d - 2 potions of flight
 r - 2 potions of heal wounds
Comestibles
 f - 2 bread rations
 l - 5 fruits
 n - 3 meat rations
 o - a slice of pizza


   Skills:
 * Level 6.4 Fighting
 - Level 5.1 Long Blades
 - Level 3.2 Armour
 - Level 3.0 Shields
 + Level 0.8 Evocations


You had 6 spell levels left.
You didn't know any spells.

Dungeon Overview and Level Annotations

Branches:
Dungeon (4/15)
 Temple: D:4-7

Altars:
Kikubaaqudgha
Makhleb
Ru


Innate Abilities, Weirdness & Mutations

You have a beak for a mouth.
You have claws for feet.
You can fly.


Message History

You block the orc's attack.
The orc hits you from afar with a trident.
* * * LOW HITPOINT WARNING * * *
The orc wizard hits you with a dagger.
* * * LOW HITPOINT WARNING * * *
You are too berserk!
You are too injured to fight recklessly!
You are too injured to fight recklessly!
You are too injured to fight recklessly!
You are too injured to fight recklessly!
You are too injured to fight recklessly!
You are too injured to fight recklessly!
You closely miss the orc wizard. Your kick misses the orc wizard.
The orc hits you with a hand axe.
* * * LOW HITPOINT WARNING * * *
You slash the orc wizard! Your kick misses the orc wizard.
The orc wizard is severely wounded.
The orc wizard gestures at you while chanting.
The magic dart hits you!
You die...

#.#...#.# #.#####.#
#.......# #.#####.##
#.# ..#..# #.# #o#..#
#.# #o#..# .# #..
#o#..# #.#
..#####@#..####.###
.....(.o#.........#
..#####.#..#.##.###
#...#.#....#....######
#.#.#.#.#.............
#.#.#.#....#..##.##.##
#.#...#..#(#..##.##.##
#.#####.##.#.........#
#.......##.#.###.##.##


You could see an orc wizard and 3 orcs.

Vanquished Creatures
  The ghost of Lizzreth the Carver, an amateur MiGl of Fedhas (D:4)
  The ghost of sankara the Twirler, a weakling MiGl (D:3)
  A howler monkey (D:4)
  A crimson imp (D:3)
  An orc wizard (D:4)
  2 worker ants (D:4)
  Robin (D:2)
  A gnoll (D:1)
  4 adders
  3 oozes
  2 worms
  2 dart slugs
  3 leopard geckos
  2 giant cockroaches
  19 goblins
  8 hobgoblins
  4 jackals
  12 kobolds
  3 quokkas
  4 bats
  4 frilled lizards
  5 rats
84 creatures vanquished.

Notes
Turn   | Place    | Note
-------+----------+-------------------------------------------
     0 | D:1      | Lizzreth the Tengu Fighter began the quest for the Orb.
     0 | D:1      | Reached XP level 1. HP: 14/14 MP: 2/2
    65 | D:1      | Reached XP level 2. HP: 19/19 MP: 3/3
   301 | D:1      | Reached XP level 3. HP: 21/23 MP: 4/4
   837 | D:2      | Reached XP level 4. HP: 25/28 MP: 5/5
   946 | D:2      | Noticed Robin
   993 | D:2      | Reached skill level 5 in Long Blades
   995 | D:2      | Killed Robin
  1114 | D:2      | Found a sacrificial altar of Ru.
  1287 | D:3      | Noticed sankara's ghost (weakling MiGl)
  1296 | D:3      | Killed sankara's ghost
  1296 | D:3      | Gained mutation: You can fly. [Tengu growth]
  1296 | D:3      | Reached XP level 5. HP: 9/33 MP: 6/6
  1481 | D:3      | Reached skill level 4 in Fighting
  1802 | D:3      | Found a faded altar of an unknown god.
  2141 | D:3      | Found an ancient bone altar of Kikubaaqudgha.
  2235 | D:3      | Found a burning altar of Makhleb.
  2242 | D:3      | Reached XP level 6. HP: 35/40 MP: 7/7
  2248 | D:3      | Became a worshipper of Makhleb the Destroyer
  2325 | D:4      | Noticed Lizzreth's ghost (amateur MiGl)
  2331 | D:4      | Killed Lizzreth's ghost
  2331 | D:4      | Reached skill level 5 in Fighting
  2584 | D:4      | Reached skill level 6 in Fighting
  2619 | D:4      | Reached XP level 7. HP: 33/46 MP: 8/8
  2660 | D:4      | HP: 1/70 [orc/hand axe (5)]
  2661 | D:4      | Killed from afar by an orc wizard

Skill      XL: |  1  2  3  4  5  6 |
---------------+-------------------+-----
Long Blades    | 3 4 5 |  5.1
Fighting       | 4 6 |  6.4
Armour         | |  3.2
Shields        | |  3.0
Evocations     | |  0.8

Action                   |  1- 3 |  4- 6 |  7- 9 || total
-------------------------+-------+-------+-------++-------
Melee: Long sword        |    70 |   151 |    10 ||   231
       Peck              |    10 |    27 |     1 ||    38
       Kick              |    11 |    41 |     2 ||    54
 Abil: Evoke Berserk Rag |       |     1 |     1 ||     2
  Use: Potion            |     5 |     4 |       ||     9
       Scroll            |     5 |     3 |       ||     8
  Eat: Chunk             |       |     1 |       ||     1
       Bread ration      |       |     2 |       ||     2
Armor: Scale mail        |    40 |    60 |     3 ||   103
Dodge: Dodged            |    22 |    35 |     3 ||    60
Block: Shield            |    41 |    74 |    12 ||   127
       Rpst.: Long sword |     4 |     9 |       ||    13
